cohdb
Replays
Latest Replays
All Replays
Popular Replays
Top Player Replays
Match Explorer
How It Works
Community
CoH3 Stats
Reddit
Sign in to upload your games and track your stats! →
Sign in with Steam
Match 42115335
Unlisted
Match 42115335
Overview
Messages
Build Orders
End
Construct Infanterie Kompanie
Selects Luftwaffe Battlegroup
Selects Luftwaffe Pioneer Support
Grenadier Squad
Grenadier Squad
Grenadier Squad
MG 42 Machine Gun Team
Infanterie Officer Quarters
Selects LG40 Recoilless Gun Paradrop
Grenadier Squad
Construct Luftwaffe Kompanie
Window Shopping
Kitsuné
0
0
Comments
sign in to comment!
No comments posted yet!